 Dungeon Crawl Stone Soup version 0.22-a0-812-g4c1e2d5471 (webtiles) character file.

88 Htamos the Insei (level 4, 0/26 HPs)
             Began as a Tengu Transmuter on July 23, 2018.
             Slain by Robin
             ... wielding a +3 club
              (6 damage)
             ... on level 1 of the Dungeon.
             The game lasted 00:05:19 (2195 turns).

Htamos the Insei (Tengu Transmuter)                 Turns: 2195, Time: 00:05:20

Health: 0/26       AC:  4    Str: 12    XL:     4   Next: 53%
Magic:  8/8        EV: 13    Int: 18    God:
Gold:   125        SH:  0    Dex: 14    Spells: 4/7 levels left

rFire    . . .     SeeInvis .     - Unarmed
rCold    . . .     Gourm    .   (no shield)
rNeg     + . .     Faith    .   o - +2 robe {rN+}
rPois    .         Spirit   .   (helmet restricted)
rElec    .         Reflect  .   (no cloak)
rCorr    .         Harm     .   (no gloves)
MR       .....                  (boots unavailable)
Stlth    +.........             (no amulet)
HPRegen  0.08/turn              (no ring)
MPRegen  0.11/turn              (no ring)

@: brilliant, drained
A: beak, talons 3
a: no special abilities


You were on level 1 of the Dungeon.
You were hungry.

You visited 1 branch of the dungeon, and saw 2 of its levels.

You collected 125 gold pieces.

Inventory:

Hand Weapons
 e - a cursed -2 club
 f - a cursed -2 short sword
Missiles
 a - 26 arrows
Armour
 b - a +0 robe
 l - a +0 chain mail
 n - a +0 ring mail
 o - a +2 robe of positive energy (worn)
Jewellery
 h - an uncursed ring of fire {unknown}
Scrolls
 j - 3 scrolls of identify {unknown}
 m - a scroll of amnesia {unknown}
Potions
 g - a potion of resistance {unknown}
Comestibles
 d - 2 rations


   Skills:
 + Level 1.6(1.4) Fighting
 + Level 3.0(2.8) Dodging
 + Level 3.7(3.5) Unarmed Combat
 + Level 2.4(2.2) Spellcasting
 * Level 2.5(2.4) Transmutations


You had 4 spell levels left.
You knew the following spells:

 Your Spells              Type           Power        Failure   Level  Hunger
a - Beastly Appendage     Tmut           ###...       1%          1    #......
b - Sticks to Snakes      Tmut           ###.....     1%          2    ##.....

Your spell library contained the following spells:

 Spells                   Type           Power        Failure   Level  Hunger
 Spider Form              Tmut/Pois      ###.......   4%          3    ###....
 Blade Hands              Tmut           ###.......   19%         5    ######.
 Ice Form                 Ice/Tmut       ###.....     12%         4    #####..


Dungeon Overview and Level Annotations

Branches:
Dungeon (2/15)

Altars:

Annotations:
D:1 Robin


Innate Abilities, Weirdness & Mutations

You have a beak for a mouth.
You have claws for feet.


Message History

You hit the goblin. Your kick misses the goblin. Your peck misses the goblin.
The goblin is heavily wounded.
The goblin barely misses you. Robin hits you with an enchanted club.
* * * LOW HITPOINT WARNING * * *
You closely miss the goblin. Your kick misses the goblin.
The goblin is heavily wounded.
Your horns disappear.
The goblin hits you with a dagger.
* * * LOW HITPOINT WARNING * * *
Robin misses you.
You closely miss the goblin.
The goblin is heavily wounded.
The goblin barely misses you. Robin hits you with an enchanted club.
* * * LOW HITPOINT WARNING * * *
It was a potion of brilliance.
You feel clever all of a sudden. The goblin barely misses you.
It was a potion of curing.
You feel better. Robin hits you with an enchanted club.
You die...

############## #.....##.....##
..............###################
...........)>..g@g...............
...............#############.....
...............# #####..####
...............########.....#..#
..........[.............#####..#
.............(..######### #..##
................########### #..#.
#......#..............)...###..#.
##.....#############..###...#..#.


You could see Robin and a goblin.

Vanquished Creatures
  Jessica (D:2)
  An adder (D:2)
  A dart slug (D:2)
  A leopard gecko (D:1)
  4 giant cockroaches
  9 goblins
  4 hobgoblins
  3 jackals (D:1)
  8 kobolds
  A ball python (D:2)
  6 bats
  5 frilled lizards
  6 rats
50 creatures vanquished.

Notes
Turn   | Place    | Note
-------+----------+-------------------------------------------
     0 | D:1      | Htamos the Tengu Transmuter began the quest for the Orb.
     0 | D:1      | Reached XP level 1. HP: 12/12 MP: 4/4
   154 | D:1      | Reached XP level 2. HP: 9/16 MP: 4/6
   176 | D:1      | Learned a level 2 spell: Sticks to Snakes
   742 | D:1      | Reached XP level 3. HP: 20/20 MP: 7/7
  1700 | D:2      | Noticed Jessica
  1713 | D:2      | Killed Jessica
  1713 | D:2      | Reached XP level 4. HP: 12/26 MP: 8/8
  1970 | D:2      | Noticed Robin
  2193 | D:1      | HP: 1/26 [Robin/enchanted club (4)]
  2195 | D:1      | Slain by Robin

Vault maps used:
D:1:      dpeg_arrival_subterranean_lakeside_camping
D:2:      uniq_robin, uniq_jessica

Skill      XL: |  1  2  3  4 |
---------------+-------------+-----
Transmutations | 2 |  2.5
Dodging        | 3 |  3.0
Fighting       | |  1.6
Unarmed Combat | |  3.7
Spellcasting   | |  2.4

Action                   |  1- 3 |  4- 6 || total
-------------------------+-------+-------++-------
Melee: Unarmed           |   103 |    30 ||   133
       Peck              |    10 |     2 ||    12
       Kick              |    17 |     4 ||    21
       Headbutt          |    11 |     3 ||    14
       Punch             |     2 |       ||     2
 Cast: Beastly Appendage |    16 |     3 ||    19
  Use: Potion            |       |     2 ||     2
 Stab: Sleeping          |     2 |       ||     2
  Eat: Chunk             |     3 |     1 ||     4
Armor: Robe              |    23 |    12 ||    35
Dodge: Dodged            |    67 |    38 ||   105

Table legend:
 A = Spawn XP
 B = Non-spawn XP
 C = Spawn XP percentage of total XP
 D = Spawn monster count
 E = Non-spawn monster count
 F = Spawn count percentage of total count
 G = Total turns spent on level
                    A         B        C        D         E        F      G
               +---------+---------+-------+---------+---------+-------+---------
         Total |       0 |     126 |   0.0 |       0 |      50 |   0.0 |  2195
               +---------+---------+-------+---------+---------+-------+---------
           D:1 |       0 |      57 |   0.0 |       0 |      37 |   0.0 |  1463
           D:2 |       0 |      69 |   0.0 |       0 |      13 |   0.0 |   732
               +---------+---------+-------+---------+---------+-------+---------
